[Event "ITT 1st Parada Jamundi 2022"]
[Site "Jamundi Valle"]
[Date "2022.12.08"]
[Round "5.9"]
[White "Mateus, Alejandro"]
[Black "Malka, Samuel"]
[Result "0-1"]
[ECO "C45"]
[WhiteElo "2308"]
[BlackElo "2265"]
[Annotator "TA"]
[PlyCount "80"]
[EventDate "2022.12.05"]
[EventType "swiss"]
[EventCountry "COL"]
[SourceTitle "playchess.com"]
[Source "ChessBase"]
[SourceQuality "1"]
[TimeControl "5400+30"]

1. e4 e5 2. Nf3 Nc6 3. d4 exd4 4. Nxd4 Nf6 5. Nxc6 bxc6 6. Bd3 d5 7. Nd2 Bd6 8. O-O O-O 9. h3 Re8 {[%emt 0:02:38][%cal Rf6e4] C45: Scotch Game.} 10. Re1 Bb7 11. exd5 cxd5 {[%emt 0:02:23] [#] Black is slightly better.} 12. Nf3 $146 ({Predecessor:} 12. Rxe8+ Qxe8 13. Nf1 Qc6 14. Ng3 Re8 15. Nf5 Be5 16. Qd2 Qb6 {½-½ (16) Ticleanu,S (2090)-Simonet,D (2038) ICCF email 2018}) 12... Ne4 (12... Rxe1+ {simplifies} 13. Qxe1 c5 14. c3 Qc7) 13. Be3 c5 14. Nd2 f5 {[%emt 0:06:57][%cal Bf7f5,Bf5e4][%mdl 32] Black is more active.} 15. Nxe4 fxe4 16. Bb5 Rf8 {[%emt 0:01:36] aiming for ...d4.} 17. c3 {[%emt 0:05:46] Against d4} Qf6 18. Qd2 Qe5 (18... h6 {looks sharper.} 19. Rad1 Rad8 20. b4 Be5) 19. g3 Qf5 20. Bf1 Rad8 (20... a5 $17) 21. Rad1 $11 a5 22. Qc2 Bc6 $36 {[%emt 0:05:02][%mdl 2048] Black has some pressure.} 23. b4 $2 ({White should try} 23. Qe2 $15) 23... axb4 $19 (23... cxb4 24. cxb4 Rc8 25. bxa5 $15) 24. cxb4 c4 ({Black should play} 24... d4 $19 25. b5 Bd5) 25. Rb1 ({Better is} 25. Bxc4 $15 Bb7 26. Be2 (26. Bb6 $2 Rc8 $19)) 25... Bd7 (25... Qd7 $1 $17 26. Qb2 Rb8) 26. Red1 {[%emt 0:01:02] [#]} (26. a4 $1 $15) 26... Be6 $1 $17 27. b5 Be5 {[%emt 0:03:36] White must now prevent ...d4.} 28. Bc5 {[%emt 0:00:40] [#] Against d4} (28. Bd4 $17) 28... d4 $1 29. Bxc4 {[%emt 0:01:45] [#]} Bxc4 30. Qxc4+ (30. Bxf8 $2 {loses.} Bd5 $19) 30... Rf7 {[%emt 0:00:19][%cal Bf8f7,Bf7f5,Bf5b5,Bb5b1,Bb1b2][%mdl 32] The board is on fire.} 31. Rb2 (31. Bxd4 $2 {perishes.} Bxd4 32. Qe2 Bxf2+ 33. Kh2 Rdf8 $19) (31. Rf1 $17) 31... d3 $19 32. Rbd2 {[%emt 0:01:27] [#]} Rc8 $1 {[%emt 0:01:07] Hoping for ...Bb8.} 33. Qd5 $2 (33. Re1 {is a better defense.} Bd6 34. Qxe4 Qxe4 35. Rxe4 Bxc5 36. Kf1) 33... Bc3 {[%emt 0:04:34][%mdl 64] Discovered Attack, Trapped Piece. Black is clearly winning.} 34. Qxf5 Rxf5 35. Be3 Bxd2 ({Stronger than} 35... Rxb5 36. Rc1 $17) 36. Rxd2 (36. Bxd2 $142 Rxb5 37. a4) 36... Rxb5 {[%emt 0:00:00] Threatens to win with ...Rb1+.} 37. a4 Rb1+ 38. Kg2 Rc2 39. a5 Rxd2 40. Bxd2 Rb2 {[%emt 0:00:00] Weighted Error Value: White=0.94/Black=0.22 (precise)} 0-1

[Event "ITT 1st Parada Jamundi 2022"]
[Site "Jamundi Valle"]
[Date "2022.12.08"]
[Round "5.10"]
[White "Aguero Jimenez, Luis Lazaro"]
[Black "Larino Nieto, David"]
[Result "1-0"]
[ECO "A07"]
[WhiteElo "2465"]
[BlackElo "2466"]
[Annotator "TA"]
[PlyCount "119"]
[EventDate "2022.12.05"]
[EventType "swiss"]
[EventCountry "COL"]
[SourceTitle "playchess.com"]
[Source "ChessBase"]
[SourceQuality "1"]
[TimeControl "5400+30"]

1. Nf3 d5 2. g3 Nf6 3. Bg2 Bf5 4. O-O Qc8 5. c4 dxc4 6. Qa4+ {[%emt 0:00:32] A07: Réti Opening: New York and Capablanca Systems.} c6 7. Qxc4 Nbd7 8. Nc3 {[%emt 0:03:59] White is slightly better.} Nb6 {[%emt 0:00:34] Prevents e4.} 9. Qh4 (9. Qb3 $16) 9... h6 $11 10. d3 Rg8 {[%emt 0:05:03] [#]} (10... e6 $14) 11. Qb4 $146 ({Predecessor:} 11. a4 a5 12. Ne5 Nbd7 13. Nxd7 Qxd7 14. Qf4 Bh3 15. Ne4 Bxg2 16. Nxf6+ exf6 17. Kxg2 {1-0 (46) Kosmac,B (2195)-Podvrsnik,M (2204) Ljubljana 2012}) 11... Bh3 12. Bd2 Bxg2 13. Kxg2 g5 14. e4 Nh5 15. Qb3 Nf4+ 16. Bxf4 {[%emt 0:00:21] Active counter play!} (16. gxf4 $2 {is a self mate.} Qg4+ 17. Kh1 Qxf3+ 18. Kg1 gxf4#) 16... gxf4 17. Ne2 ({But not} 17. Ne5 Qe6 18. Qxe6 fxe6 $14) (17. d4 {keeps more tension.} h5 18. a4 Bh6 19. a5) 17... Qc7 18. Kh1 (18. d4 {is more complex.} e6 19. a4 Nd7 20. a5) 18... fxg3 19. fxg3 e6 20. Nf4 {[%emt 0:06:16][%cal Of4e6] aiming for Nxe6!} Qd6 ({Black should try} 20... Be7 $14) 21. a4 $1 {[%emt 0:05:55][%cal Ba2a4,Ba4a5,Ba5a6][%mdl 32] And now a5 would win.} O-O-O 22. a5 Nd7 23. a6 $1 $36 {[%emt 0:01:15][%csl Ga6][%cal Rb3b7][%mdl 2048] White is on the roll.} b6 24. d4 Qb4 (24... Kb8 $16 25. e5 Qb4) 25. Qc2 $18 Qb5 26. Rfc1 Nb8 27. Ra4 Bd6 28. e5 Be7 29. d5 {[%emt 0:35:19] Threatens to win with Nd4.} Rxd5 30. Nxd5 Qxd5 31. Qe4 (31. Rf4 $18) 31... Kc7 (31... Qxe4 $16 {keeps fighting.} 32. Rxe4 c5) 32. Rd4 (32. Qxd5 $18 {and White stays clearly on top.} exd5 33. Rf4) 32... Qxe4 $16 33. Rxe4 b5 (33... Kd7 $16 {was worth a try.}) 34. Nd4 $1 $18 Kb6 35. Rf1 $1 Rg7 36. Ref4 Bc5 {[%emt 0:00:06] [#]} 37. Nb3 $1 {[%emt 0:00:00] Black must now prevent Nxc5.} (37. Rxf7 $2 {is the wrong capture.} Rxf7 38. Rxf7 Bxd4 39. Rb7+ Kxa6 40. Rxb8 Bxe5 $19) 37... Nxa6 38. Rxf7 Rg5 {[%emt 0:00:06] [#]} 39. Re1 (39. R7f6 $1 $18 {is more deadly.}) 39... h5 (39... Bb4 $16 40. Re2 c5) 40. Re4 (40. Rf6 $18) 40... b4 $2 (40... Nb4 $16) 41. Nxc5 Kxc5 42. Rxa7 {[%emt 0:00:00][%mdl 4096] Endgame KRR-KRN} Kd5 43. Rf4 Nc5 44. Rxb4 Rxe5 45. Ra5 {[%emt 0:00:00] Hoping for Rh4.} Re2 $2 (45... Re1+ 46. Kg2 Re2+ 47. Kh3 e5) 46. b3 {[%emt 0:00:00][%cal Bb2b3,Bb3b4][%mdl 32] White is clearly winning.} Rc2 {[%emt 0:00:47] Inhibits Rc4.} 47. Rh4 {[%emt 0:00:23] Strongly threatening b4.} Kd6 48. b4 Nb3 49. Raxh5 Re2 50. Rc4 e5 51. Rh6+ Kd5 52. Rcxc6 Nd4 53. Rc3 Nf5 (53... Rb2 $142 54. Rh7 Ke6) 54. Rh5 Ne3 55. Rc1 {[%emt 0:00:14] Inhibits Re1+.} Rb2 56. Re1 Ng4 57. h3 Nf2+ 58. Kg1 Nd3 59. Re3 Rb3 {[%emt 0:00:04] [#]} 60. Rhxe5+ $3 {[%emt 0:06:29][%mdl 512] Weighted Error Value: White=0.23 (precise) /Black=0.37} 1-0

[Event "ITT 1st Parada Jamundi 2022"]
[Site "Jamundi Valle"]
[Date "2022.12.08"]
[Round "5.11"]
[White "Arango Arenas, Juan Camilo"]
[Black "Londono Lopez, Donaldo"]
[Result "1-0"]
[ECO "B23"]
[WhiteElo "2202"]
[BlackElo "2055"]
[Annotator "TA"]
[PlyCount "52"]
[EventDate "2022.12.05"]
[EventType "swiss"]
[EventCountry "COL"]
[SourceTitle "playchess.com"]
[Source "ChessBase"]
[SourceQuality "1"]
[TimeControl "5400+30"]

1. e4 c5 2. Nc3 a6 3. a4 Nc6 4. Bc4 g6 5. f4 Bg7 6. Nf3 d6 7. O-O Nf6 8. d3 O-O 9. Qe1 Nd4 {[%emt 0:01:02] Prevents f5. B23: Closed Sicilian: Lines without g3.} 10. Nxd4 cxd4 11. Nd5 Nxd5 {[%emt 0:08:52] The position is equal.} 12. Bxd5 e6 13. Bb3 Bd7 {[%emt 0:00:23] [#]} 14. Qg3 $146 ({Predecessor:} 14. Bd2 f5 15. Bb4 {0-1 (15) Mejia,Y (1873)-Contreras Rodriguez,H (2213) Bogota 2013}) 14... Kh8 15. f5 gxf5 16. exf5 e5 (16... Be5 $1 $11 17. Bf4 Bxf4 18. Qxf4 e5) 17. Qf3 {[%emt 0:14:09] aiming for f6.} Bc6 {[%emt 0:05:05] Inhibits f6.} 18. Qh5 Qe7 19. Bd2 Bf6 (19... f6 $1 $14) 20. Rf2 Bh4 (20... b5 $1 $14 {is more appropriate.}) 21. Re2 $16 d5 22. Rf1 $1 {[%emt 0:14:23] Black must now prevent Rf3. White is more active.} Rg8 {[%emt 0:07:46] [#]} 23. Rf3 $1 $36 {[%emt 0:00:41][%mdl 2048] White is really pushing.} Bg5 {[%emt 0:01:14] [#] Against f6} (23... Rg7 24. Bh6 Rag8) 24. f6 $1 $18 {[%emt 0:14:40] White is clearly winning.} (24. Rh3 f6 $15) 24... Bxf6 25. Ref2 ({Stronger than} 25. Rh3 Rg7 $11) 25... Bh4 26. g3 ({And not} 26. Rxf7 Bxf2+ 27. Rxf2 (27. Kxf2 $2 {too greedy.} Qxf7+ 28. Qxf7 Raf8 $19) 27... Rg6 $17) 26... Bf6 {[%emt 0:00:30] Weighted Error Value: White=0.05 (flawless) /Black=0.22 (precise)} 1-0

[Event "ITT 1st Parada Jamundi 2022"]
[Site "Jamundi Valle"]
[Date "2022.12.08"]
[Round "5.12"]
[White "Mogollon Tobar, Nicolle Julieth"]
[Black "Lopez Rayo, Isabella"]
[Result "1/2-1/2"]
[ECO "B76"]
[WhiteElo "1840"]
[BlackElo "1898"]
[Annotator "NA RC COMBH"]
[PlyCount "84"]
[EventDate "2022.12.05"]
[EventType "swiss"]
[EventCountry "COL"]
[SourceTitle "playchess.com"]
[Source "ChessBase"]
[SourceQuality "1"]
[TimeControl "5400+30"]

1. e4 c5 2. Nf3 d6 3. d4 cxd4 4. Nxd4 Nf6 5. Nc3 g6 6. Be3 Bg7 7. f3 O-O 8. Qd2 Nc6 9. O-O-O d5 10. Qe1 e5 11. Nxc6 bxc6 12. exd5 Nxd5 13. Bc4 Be6 14. Ne4 Qc7 15. Bc5 Rfd8 16. h4 Nf4 17. Bxe6 Nxe6 18. Qf2 Qa5 19. a3 Rd5 20. Be3 Rad8 21. Nc3 Rxd1+ 22. Rxd1 Nd4 23. h5 Bf8 24. hxg6 hxg6 25. Bxd4 exd4 26. Nb1 Bh6+ 27. f4 Qf5 28. Rxd4 Rxd4 29. Qxd4 Bxf4+ 30. Nd2 Qg5 31. c3 c5 32. Qf2 Be3 33. Qe2 Qf4 34. Kc2 Bxd2 35. Qxd2 Qa4+ 36. Kc1 Qc4 37. Qg5 Qf1+ 38. Kc2 Qe2+ 39. Kc1 Qf1+ 40. Kc2 Qe2+ 41. Kc1 Qf1+ 42. Kc2 Qe2+ 1/2-1/2

[Event "ITT 1st Parada Jamundi 2022"]
[Site "Jamundi Valle"]
[Date "2022.12.08"]
[Round "5.13"]
[White "Gonzalez Velasco, Leandro"]
[Black "Pazos Gambarrotti, Plinio"]
[Result "0-1"]
[ECO "B60"]
[WhiteElo "1915"]
[BlackElo "2083"]
[Annotator "TA"]
[PlyCount "136"]
[EventDate "2022.12.05"]
[EventType "swiss"]
[EventCountry "COL"]
[SourceTitle "playchess.com"]
[Source "ChessBase"]
[SourceQuality "1"]
[TimeControl "5400+30"]

1. e4 c5 2. Nf3 Nc6 3. d4 cxd4 4. Nxd4 Nf6 5. Nc3 d6 6. Bg5 Qb6 7. Nb3 e6 8. Bxf6 gxf6 9. a4 {[%emt 0:00:53][%cal Ba2a4,Ba4a5][%mdl 32] B60: Sicilian: Richter-Rauzer: Unusual Black 6th moves and 6...Bd7 without 7 Qd2.} a6 10. a5 Qc7 11. Qf3 {[%emt 0:01:26] White is slightly better.} Be7 12. Be2 {[%emt 0:02:04] [#]} Bd7 $146 ({Predecessor:} 12... h5 13. O-O Bd7 14. Qe3 Bf8 15. Na4 O-O-O 16. Nb6+ Kb8 17. Nxd7+ Rxd7 18. Ra4 h4 {½-½ (55) Nedoma,P (2269)-Pravec,L (2350) ICCF email 2004}) 13. Qh5 Ne5 (13... O-O-O $11 {remains equal.}) 14. O-O-O O-O-O 15. f4 Ng6 ({Black should try} 15... Nc6 $1 $14) 16. Qf3 (16. g3 $16) 16... Bc6 17. Qe3 h5 18. Rhf1 Kb8 19. g3 h4 20. g4 Rc8 (20... Bf8 $5 ) 21. Kb1 Bf8 22. f5 Bh6 23. Qd4 (23. Qf2 $5 Nf4 24. Bf3 $11) 23... Nf4 24. Bf3 (24. Qxd6 Nxe2 25. Nxe2 Bxe4 $15) 24... d5 25. exd5 (25. Qxf6 dxe4 26. g5 Bxg5 27. Qxg5 exf3 $17) 25... Nxd5 26. Bxd5 Bxd5 {[%emt 0:00:03] A strong pair of Bishops.} 27. Qxf6 {[%emt 0:12:31] Hoping for g5.} Qxh2 $2 (27... Be3 $1 $11) 28. g5 $18 Bxg5 29. Qxg5 h3 30. Rd2 Bg2 (30... Qe5 {was called for.}) 31. Nd4 $2 (31. fxe6 $18 Rhg8 32. Qe7) 31... Qe5 $15 32. Rfd1 Rcg8 (32... Rhg8 $1 $15 33. Qh5 h2) 33. Qe7 $11 {[%emt 0:00:27][%csl LRe6,LRf7] aiming for Qb4.} h2 34. fxe6 $2 {[%emt 0:00:41] White is now going downhill.} (34. Re2 $2 Qxa5 35. fxe6 (35. Qxf7 $2 h1=Q $19) 35... fxe6 36. Qd6+ Qc7 37. Qxc7+ (37. Qxe6 $2 h1=Q $19) (37. Nxe6 $2 Qxd6 38. Rxd6 h1=Q+ $19) 37... Kxc7 $19) (34. Rxg2 $1 $11 Rxg2 35. Nc6+ (35. Qb4 $2 Qc7 $19) 35... bxc6 36. Rd8+ (36. Qxf7 $2 Rg1 $19) 36... Rxd8 37. Qxd8+ Kb7 38. Qb6+ Kc8 39. Qxc6+ Kd8 40. Qa8+ (40. Qxg2 $2 Qe1+ 41. Ka2 h1=Q $19) 40... Kc7 41. Qa7+ Kd8 42. Qa8+ (42. Qxa6 h1=Q+ 43. Ka2 Rxc2 44. Qd3+ Qhd5+ 45. Qxd5+ exd5 46. Kb3 Rg2 47. Na4 Qxf5 48. Kb4 Rg4+ 49. Kb3 Qd3+ 50. Nc3 Rg1 51. Ka3 Ra1+ 52. Kb3 Kc7 53. a6 Rxa6 54. Kb4 Qc4#) 42... Ke7 43. f6+ (43. Qxg2 $2 Qe1+ 44. Ka2 h1=Q $19) 43... Kxf6 44. Qf3+ (44. Qxg2 $2 Qe1+ 45. Ka2 h1=Q $19) 44... Ke7 45. Qb7+ (45. Qxg2 $2 Qe1+ 46. Ka2 h1=Q $19) 45... Kf8 46. Qa8+ (46. Qxg2 $2 Qe1+ 47. Ka2 h1=Q $19) 46... Qb8 47. Qxg2 (47. Qxb8+ $2 Kg7 $17)) 34... fxe6 $2 {[%emt 0:00:10] Really sharp!} (34... h1=B $2 35. Re2 Be4 36. Qb4 $18) (34... h1=R 35. Qxf7 Rf8 36. Qg6 $11) (34... h1=Q $19 35. Rxh1 Rxh1+ 36. Ka2 Qxa5+ 37. Qa3 Bd5+ 38. Nxd5 Qxd5+ 39. Qb3 fxe6 40. Qxd5 exd5) 35. Ka2 $2 (35. Re2 $2 Qxa5 36. Nb3 (36. Rxe6 $2 h1=Q $19) 36... Qc7 37. Qxe6 {[#]} (37. Rxe6 $2 Qxe7 38. Rxe7 Bf3 $19) (37. Qxc7+ $2 Kxc7 38. Nd4 h1=Q $19) 37... Rd8 $1 $19) (35. Rxg2 $1 $11 {and White stays safe.} Rxg2 36. Nc6+ (36. Nf3 $2 Qf5 $19) 36... bxc6 37. Rd8+ Rxd8 38. Qxd8+ Kb7 39. Qb6+ Ka8 40. Qxc6+ (40. Qxa6+ Kb8 $11) 40... Ka7 41. Qb6+ Ka8 42. Qc6+ (42. Qxa6+ Kb8 $11) 42... Ka7 43. Qb6+ Ka8 44. Qc6+ (44. Qxa6+ Kb8 $11)) 35... Qxa5+ $19 (35... h1=B 36. Nb3 $14 (36. Nxe6 Bf3 $11)) (35... h1=Q $2 36. Rxh1 Qxa5+ 37. Qa3 Qxa3+ 38. Kxa3 $19) (35... h1=R $2 36. Nb3 $19) 36. Qa3 Qxa3+ ({Don't take} 36... h1=Q 37. Qxa5 Bd5+ 38. Nb3 $18) 37. Kxa3 h1=Q ({Stronger than} 37... h1=B 38. Nxe6 Bf3 39. Rf1 $11) 38. Rxh1 Bxh1 (38... Rxh1 $2 {perishes.} 39. Nxe6 Rh6 40. Nf4 $19) 39. Nxe6 Rg2 40. Rxg2 Bxg2 {[%emt 0:00:01][%mdl 4096] Endgame KRB-KNN} 41. Nf4 Bc6 42. Nd3 Be8 {[%emt 0:00:30] Strongly threatening ...Bg6.} 43. Ne5 (43. Ne2 {is a better defense.}) 43... Rh5 44. Ng4 Rg5 45. Nf2 (45. Ne3) 45... Rg2 46. Nfe4 Rxc2 47. Kb3 Rg2 {[%emt 0:00:08] White must now prevent ...Bf7+.} 48. Nd6 {[%emt 0:00:33] Prevents Bf7+.} Bg6 49. Ka3 Kc7 50. Nc4 Bf7 51. Ne5 Be6 (51... Bg8 $142 52. Nd3 b5) 52. Nd3 Bg8 53. Ne1 {[%emt 0:00:38] Inhibits b5.} Rg1 (53... Rg4 $142 54. b3 Rg3) 54. Nc2 b5 55. Nd4 Kb6 56. b4 Rg3 57. Kb2 Rg4 58. Nc2 Kc6 59. Ne2 Bh7 60. Ncd4+ Kd5 61. Kc3 Rh4 62. Nf3 Re4 63. Nfd4 Re3+ 64. Kb2 Kc4 65. Kc1 Bd3 66. Kd2 {[%emt 0:00:24] [#]} Rxe2+ $1 67. Nxe2 Bxe2 68. Kxe2 Kxb4 {[%emt 0:00:01] Weighted Error Value: White=0.76/Black=0.46} 0-1

[Event "ITT 1st Parada Jamundi 2022"]
[Site "Jamundi Valle"]
[Date "2022.12.08"]
[Round "5.14"]
[White "Renteria, Rolando"]
[Black "Rodriguez, Juan Gabriel"]
[Result "1-0"]
[ECO "B50"]
[WhiteElo "2046"]
[BlackElo "1665"]
[Annotator "TA"]
[PlyCount "51"]
[EventDate "2022.12.05"]
[EventType "swiss"]
[EventCountry "COL"]
[SourceTitle "playchess.com"]
[Source "ChessBase"]
[SourceQuality "1"]
[TimeControl "5400+30"]

1. Nf3 c5 2. g3 Nc6 3. Bg2 g6 4. O-O Bg7 5. e4 d6 6. c3 Nf6 7. d4 {[%emt 0:00:55] B50: Sicilian: 2...d6, Miscellaneous.} cxd4 (7... Nxe4 $2 8. d5 $18) 8. cxd4 O-O (8... Nxe4 $2 9. d5 $16) 9. d5 {[%emt 1:32:30] The position is equal.} Na5 10. Nc3 {[%emt 0:00:00] [#]} b6 $146 ({Predecessor:} 10... Bd7 11. Be3 b5 12. b4 Nc4 13. Bd4 Qc7 14. Qe2 a5 15. Rab1 Na3 16. Rb3 axb4 17. Rxb4 {0-1 (40) Amrehn,F-Risch,H GER corr 1998}) 11. Qe2 Ng4 12. h3 Ne5 {[%emt 0:00:00] [#]} 13. Nxe5 (13. Nd4 $1 $16) 13... Bxe5 (13... dxe5 $14 14. h4 Bd7) 14. Bh6 $16 Re8 15. Rac1 a6 (15... b5 $16) 16. b4 $18 Nb7 17. f4 Bh8 18. e5 a5 19. a3 axb4 20. axb4 Bg7 21. Bxg7 Kxg7 22. e6 Rf8 (22... f6 $142 23. Nb5 Nc5 24. bxc5 bxc5) 23. f5 {[%emt 0:00:00][%cal Bf4f5,Bf5e6][%mdl 32] White is clearly winning.} fxe6 (23... f6 $142 24. fxg6 hxg6) 24. fxe6 Rf6 25. Ne4 Rxf1+ 26. Rxf1 {[%emt 0:00:00] Weighted Error Value: White=0.06 (flawless) /Black=0.45} 1-0

[Event "ITT 1st Parada Jamundi 2022"]
[Site "Jamundi Valle"]
[Date "2022.12.08"]
[Round "5.15"]
[White "Palacios Gordillo, Camila Estefania"]
[Black "Vacca, Leonardo"]
[Result "0-1"]
[ECO "A70"]
[WhiteElo "1625"]
[BlackElo "2041"]
[Annotator "TA"]
[PlyCount "123"]
[EventDate "2022.12.05"]
[EventType "swiss"]
[EventCountry "COL"]
[SourceTitle "playchess.com"]
[Source "ChessBase"]
[SourceQuality "1"]
[TimeControl "5400+30"]

1. d4 c5 2. d5 Nf6 3. c4 e6 4. Nc3 exd5 5. cxd5 d6 6. e4 g6 7. Bd3 Bg7 8. Nf3 O-O 9. O-O Bg4 10. h3 Bxf3 11. Qxf3 Nbd7 12. Bf4 {[%emt 0:02:14] A70: Modern Benoni: 6 e4 g6 7 Nf3.} Qe7 13. Rfe1 Nh5 14. Bh2 {[%emt 0:02:48] The position is equal.} Ne5 {[%emt 0:00:26] Prevents g4.} 15. Qe2 {[%emt 0:02:00] [#]} Nxd3 $146 ({Predecessor:} 15... a6 16. a4 Qg5 17. Kh1 Nf4 18. Bxf4 Qxf4 19. g3 Qf3+ 20. Qxf3 Nxf3 21. Red1 Nd4 {0-1 (40) Aguilera,D (1699)-Savoretti,E (1922) Rosario 2018}) 16. Qxd3 Be5 17. Bxe5 Qxe5 18. g3 a6 19. a4 Rae8 20. Re3 g5 21. Qe2 Ng7 22. Rf1 f5 23. f4 Qd4 24. Rd1 ({Don't play} 24. fxg5 f4 25. Rxf4 (25. gxf4 Nf5 $17) 25... Nf5 $1 26. exf5 Qxe3+ 27. Qxe3 Rxe3 $11) 24... Qf6 25. e5 Qh6 26. fxg5 Qxg5 27. e6 f4 28. Rf3 (28. Red3 $1 $16) 28... Nf5 $14 29. Ne4 $1 (29. Rxf4 $2 {perishes.} Qxg3+ 30. Qg2 Qxg2+ 31. Kxg2 Ne3+ 32. Kg3 Rxf4 33. Kxf4 Nxd1 34. Nxd1 Kg7 $19) 29... Qg7 30. Rxf4 {[%emt 0:03:17] Strongly threatening Rg4.} (30. Rc3 {is interesting.} Nxg3 31. Nxg3 fxg3 32. Rc4) 30... Nxg3 31. Rxf8+ Rxf8 32. Nxg3 Qxg3+ {[%emt 0:00:12][%mdl 4096] Endgame KQR-KQR} 33. Qg2 Rf3 34. Qxg3+ ({White should play} 34. Rd2 $14) 34... Rxg3+ {[%emt 0:00:07] KR-KR} 35. Kh2 Rb3 36. Rd2 Kf8 37. Rf2+ Ke8 38. Rg2 h5 39. Rg8+ Ke7 40. Rg7+ Kf6 (40... Ke8 $11 {remains equal.}) 41. Rf7+ $16 Kg6 42. Rf2 (42. Rd7 $1 $16 ) 42... Re3 $2 (42... Kg7 $1 $11 {and Black stays safe.}) 43. a5 $1 $18 Re5 44. Rd2 (44. Rf8 $1 $18 h4 45. Kg2) 44... h4 45. Kg2 {[%emt 0:00:29] Kf3 is the strong threat.} Re3 (45... Rg5+ $11 46. Kf3 Kf6) 46. Rf2 Re5 {[%emt 0:03:59] [#]} (46... Rg3+ $142 47. Kf1 Rb3) 47. Rd2 $2 ({White has to play} 47. Rf8 $1 $18 Kg5 48. Kf3) 47... Rg5+ (47... Re3 $11) 48. Kh2 ({White should try} 48. Kf3 $14 Kf6 49. Kf4) 48... Kf6 49. Rf2+ Ke7 50. Rd2 Rg3 51. Rf2 Rd3 52. Rf7+ Ke8 53. Rxb7 Rxd5 54. Rb6 $2 ({Better is} 54. Kg2 $11) 54... Ke7 $17 55. Kg2 Rd3 (55... Kxe6 $142 {And now ...Rd4 would win.} 56. Kf3 Rd2) 56. Rxa6 {[%emt 0:00:19] [#]} (56. b4 $17) 56... Rd2+ $1 $19 ({Stronger than} 56... Kxe6 57. Rb6 $11) 57. Kf3 {[%emt 0:00:13] Threatens to win with Ra8.} Rxb2 {[%emt 0:00:06] Black is more active.} 58. Rb6 $2 (58. Kg4 $17 {is more resistant.}) 58... Ra2 59. a6 (59. Ra6 $142 Kxe6 60. Ra8) 59... Kxe6 60. Ke4 Ra4+ 61. Kd3 Kd5 62. Ke3 {[%emt 0:01:02] What a bad dream for White.   Weighted Error Value: White=0.51/Black=0.38} (62. Kc3 {is the only way for White.}) 0-1

[Event "ITT 1st Parada Jamundi 2022"]
[Site "Jamundi Valle"]
[Date "2022.12.08"]
[Round "5.16"]
[White "Simancas Maradei, Miguel Alejand"]
[Black "Cajamarca Gordillo, Sebastian Alejandro"]
[Result "1-0"]
[ECO "D35"]
[WhiteElo "2027"]
[BlackElo "1618"]
[Annotator "TA"]
[PlyCount "95"]
[EventDate "2022.12.05"]
[EventType "swiss"]
[EventCountry "COL"]
[SourceTitle "playchess.com"]
[Source "ChessBase"]
[SourceQuality "1"]
[TimeControl "5400+30"]

1. d4 d5 2. c4 e6 3. Nf3 Be7 4. Nc3 Nf6 5. cxd5 exd5 6. Bf4 O-O 7. e3 Bf5 8. Bd3 Bxd3 9. Qxd3 c6 10. O-O {[%emt 0:00:30] D35: Queen's Gambit Declined: Exchange Variation.} Na6 {[%emt 0:00:30][%cal Bb8a6,Ba6c7,Bc7d5][%mdl 32] [#]} 11. Rad1 $146 ({Predecessor:} 11. h3 Nc7 12. Bh2 a6 13. Ne5 Nb5 14. Na4 Nd6 15. b3 Nfe4 16. f3 Ng5 17. Qd2 Ne6 {1-0 (53) Vertetics,A (2416)-Haria,R (2382) Chess.com INT 2017}) 11... Nh5 12. Bg3 {[%emt 0:11:34] The position is equal.} Nxg3 (12... Re8 {feels hotter.} 13. Ne5 Qc8 14. Rfe1 f6) 13. hxg3 Bf6 14. a3 Nc7 15. b4 Qd7 16. e4 dxe4 17. Nxe4 Nd5 18. Nxf6+ Nxf6 19. Ne5 Qd5 20. Rfe1 a5 (20... h5 $11) 21. Nc4 $1 $14 {[%emt 0:04:30] Hoping for Nb6.} Qh5 22. Re5 ({Much weaker is} 22. bxa5 Ng4 $11) 22... Qh6 {[%emt 0:00:18] [#] Threatens to win with ...Ng4.} 23. Ne3 {[%emt 0:00:18] Inhibits Ng4. And now Nf5 would win.} Nd5 24. Nxd5 cxd5 25. Rxd5 axb4 26. axb4 Qe6 27. Re5 Qd6 28. Qb5 b6 29. Rd5 Qh6 30. Qd7 Qf6 (30... Qg6 $142) 31. Rd6 $16 Qg5 32. Rxb6 {[%emt 0:01:35] White is more active.} Rad8 33. Qc7 Qg4 34. f3 Qg5 35. Qf4 {[%emt 0:00:15] Against Qe3+} Qd5 36. Qe4 Qb3 {[%emt 0:00:44] [#]} (36... Qa2 $16 37. Qd3 Qa7) 37. Qd3 $1 $18 Qd5 38. Rb5 Qd6 39. f4 ({Don't take} 39. Rh5 $6 g6 40. Rc5 Qxg3 $16) 39... Rb8 40. Rxb8 ({But not} 40. Rh5 $6 Qg6 41. Ra5 Rxb4 $16) 40... Rxb8 {[%emt 0:00:06][%mdl 4096] Endgame KQR-KQR} 41. b5 Qd5 (41... Qc7 $142 42. Kh2 Qd6) 42. Rc1 g6 (42... h6 $142 43. Rc5 Qe6) 43. Rc5 Qd6 44. Qc4 Qf8 {[%emt 0:01:10] Against Rc8} 45. Rc7 {[%emt 0:00:28][%cal Ob5b6] Strongly threatening b6!} Ra8 46. b6 {[%emt 0:00:44] White threatens b7 and mate.} Ra1+ 47. Kf2 {[%emt 0:00:07] White wants to mate with b7.} Qa3 48. Qxf7+ {[%emt 0:04:31] Weighted Error Value: White=0.06 (flawless) /Black=0.34} 1-0